Cogmind - Beta 12 @@@ ROGUE MODE // 2023.03.06 @ 20:51:51 Player: ChromeKnight Result: Destroyed by D-53 Grenadier with Mini Grenade Launcher Performance ------------- Evolutions (0) 0 Regions Visited (2) 400 Robots Destroyed (13) 65 Value Destroyed (146) 146 Prototype IDs (1) 20 Alien Tech Used (0) 0 Bonus (7) 7 TOTAL SCORE: 638 Bonus ------- Follower Combat Kills 7 Cogmind --------- Core Integrity 0/250 Matter 202/300 Energy 88/100 System Corruption 4% Temperature Cool (48) Movement Core (250) Ox4 Location -10/Mines Parts ------- > --- POWER (1) -------- (None) > --- PROPULSION (2) --- (None) > --- UTILITY (2) ------ Disposable Heat Sink Medium Storage Unit > --- WEAPON (2) ------- Improved Medium Laser > --- INVENTORY (10) --- Improved Heat Sink Disposable Heat Sink Disposable Heat Sink Disposable Heat Sink Experimental Sensor Array Utility Shielding Utility Shielding Improved Medium Laser Mini Grenade Launcher Peak State ------------ > --- POWER ------------ Light Ion Engine > --- PROPULSION ------- Aluminum Leg Aluminum Leg > --- UTILITY ---------- Disposable Heat Sink Medium Storage Unit > --- WEAPON ----------- Improved Medium Laser Improved Medium Laser > --- INVENTORY -------- Disposable Heat Sink Disposable Heat Sink Disposable Heat Sink Experimental Sensor Array Utility Shielding Utility Shielding Improved Medium Laser Improved Medium Laser Mini Grenade Launcher Mini Grenade Launcher [Rating: 14] Favorites ----------- Power Light Ion Engine Engine Light Ion Engine Propulsion Aluminum Leg Leg Aluminum Leg Utility Medium Storage Unit Device Disposable Heat Sink Storage Medium Storage Unit Weapon Improved Medium Laser Energy Gun Improved Medium Laser Ballistic Gun Light Assault Rifle Launcher Mini Grenade Launcher Build | -11 -10 -10 ------- Run | Jun Mat Min Slots Evolved . | . . . Power . | . . . Propulsion . | . . . Utility . | . . . Weapon . | . . . Parts Attached 15 | 7 4 4 Power 1 | 1 . . Engine 1 | 1 . . Core . | . . . Reactor . | . . . Propulsion 3 | 2 . 1 Treads . | . . . Leg 3 | 2 . 1 Wheel . | . . . Hover . | . . . Flight . | . . . Utility 3 | 1 2 . Device 1 | . 1 . Storage 2 | 1 1 . Processor . | . . . Hackware . | . . . Protection . | . . . Artifact . | . . . Weapon 8 | 3 2 3 Energy Gun 6 | 2 2 2 Energy Cannon . | . . . Ballistic Gun 1 | 1 . . Ballistic Cannon . | . . . Launcher 1 | . . 1 Special Weapon . | . . . Impact Weapon . | . . . Slashing Weapon . | . . . Piercing Weapon . | . . . Special Melee Weapon . | . . . Unidentified Prototypes 1 | . 1 . Parts Lost 5 | . . 5 Power 1 | . . 1 Propulsion 3 | . . 3 Utility . | . . . Weapon 1 | . . 1 Highest Loss Streak 3 | . . 3 To Critical Strikes . | . . . Average Slot Usage (%) 84 | . 89 80 Engine 7 | . 14 2 Leg 24 | . 28 20 Device 9 | . 4 14 Storage 14 | . 14 14 Energy Gun 23 | . 28 20 Launcher 4 | . . 7 Naked Turns . | . . . Heaviest Build 22 | 12 22 20 Greatest Support 20 | 20 20 20 Greatest Overweight (x) 1 | 1 1 1 Average Overweight (x) . | . . . Largest Inventory Capacity 10 | 8 10 10 Average Capacity 9 | 6 9 10 Most Carried 10 | 1 9 10 Average Carried 6 | . 3 9 Final Capacity 10 | 8 10 10 Final Carried 9 | . 9 9 Class Distribution -------------------- 100% | Mutant Dominant Class ---------------- Mutant | -10/Materials Mutant | -10/Mines Resources | -11 -10 -10 ----------- Run | Jun Mat Min Matter Collected 389 | 264 46 79 Remotely . | . . . Salvage Created 226 | . 158 68 Parts 21 | . 7 14 Haulers Intercepted 1 | . 1 . Recyclers Shooed . | . . . Parts Field Recycled . | . . . Retrieved Matter . | . . . Parts Self-Destructed . | . . . Prevented . | . . . Kills | -11 -10 -10 ------- Run | Jun Mat Min Combat Hostiles Destroyed 23 | . 4 19 Guns 5 | . 3 2 AOE 17 | . . 17 Classes Destroyed 6 | . 4 2 Tunneler 2 | . . 2 Hauler 1 | . 1 . Watcher 1 | . 1 . Swarmer 8 | . 3 5 Grunt 1 | . 1 . Assembled 14 | . . 14 Best Kill Streak 13 | . 4 13 Combat Bots Only 13 | . 3 13 Max Kills in Single Turn 4 | . 1 4 Gunslinging . | . . . Exploded 4 | . . 4 Melee . | . . . Uniques/NPCs Destroyed . | . . . Combat | -11 -10 -10 -------- Run | Jun Mat Min Damage Taken 986 | . 73 913 Core 268 | . 31 237 Absorbed by Shields . | . . . Core Remaining (%) 100 | 100 . . Volleys Fired 43 | . 21 22 Largest 2 | . 2 2 Hottest 112 | . 100 112 Shots Fired 69 | . 38 31 Gun 56 | . 38 18 Cannon . | . . . Launcher 13 | . . 13 Special . | . . . Kinetic . | . . . Thermal 56 | . 38 18 Explosive 13 | . . 13 Electromagnetic . | . . . Robot Hit Streak 8 | . 8 4 Robot Miss Streak 4 | . 2 4 Penetration Max . | . . . Secondary Targets . | . . . Shots Hit Robots 38 | . 27 11 Core Hits 34 | . 6 28 Critical Kills . | . . . Critical Parts Destroyed . | . . . Critical Strikes 5 | . 4 1 Burn 5 | . 4 1 Melee Attacks . | . . . Impact . | . . . Slashing . | . . . Piercing . | . . . Sneak Attacks . | . . . Combat Hostiles . | . . . Follow-up Attacks . | . . . Damage Inflicted 1761 | . 336 1425 Guns 436 | . 336 100 Cannons . | . . . Explosions 1325 | . . 1325 Melee . | . . . Ramming . | . . . Kinetic . | . . . Thermal 436 | . 336 100 Explosive 1325 | . . 1325 Electromagnetic . | . . . Impact . | . . . Slashing . | . . . Piercing . | . . . Highest Corruption 4 | . 4 4 Average Corruption 3 | . 3 4 Corruption Purged . | . . . Corruption Blocked . | . . . Effects 13 | . 2 11 Message Errors 6 | . . 6 Matter Fused 4 | . . 4 Heat Flow Errors 1 | . 1 . Data Loss (minor) 1 | . . 1 Alerts 1 | . 1 . Overload Shots . | . . . Overflow Damage 114 | . . 114 Projectiles . | . . . Explosions 114 | . . 114 Melee . | . . . Knockbacks . | . . . Impact . | . . . Kinetic . | . . . Secondary . | . . . Self-Inflicted Damage 107 | . . 107 Shots 4 | . . 4 Rammed . | . . . Targets Rammed . | . . . Kicked . | . . . Crushed . | . . . Highest Temperature 294 | . 294 144 Average Temperature 89 | . 104 48 Received Heat Transfer 12 | . 12 . Effects 2 | . 2 . Energy Bleed 1 | . 1 . Interference 1 | . 1 . Siege Activations . | . . . Robots Corrupted . | . . . Combat Hostiles . | . . . Parts Fried . | . . . Impact Corruptions . | . . . Robots Melted 2 | . 2 . Combat Hostiles 1 | . 1 . Parts Melted 1 | . 1 . Heat Transferred 1591 | . 1295 296 Parts Sabotaged . | . . . Parts Stolen . | . . . Parts Stripped . | . . . Power Chain Reactions . | . . . Missiles Intercepted . | . . . Alert | -11 -10 -10 ------- Run | Jun Mat Min Peak Influence 182 | . 160 182 Initial . | . . . Average 68 | . 68 74 Maximum Alert Level . | . . . Low Security (%) 100 | 100 100 100 Level 1 . | . . . Level 2 . | . . . Level 3 . | . . . Level 4 . | . . . Level 5 . | . . . High Security . | . . . Max Security . | . . . Squads Dispatched . | . . . Investigation . | . . . Extermination . | . . . Reinforcement . | . . . Assault . | . . . Garrison . | . . . Intercept . | . . . Searches Triggered . | . . . Construction Impeded . | . . . Haulers Reinforced . | . . . Active Scanning Responses . | . . . Cargo Convoy Interrupts . | . . . Stealth | -11 -10 -10 --------- Run | Jun Mat Min Distress Signals 2 | . 1 1 Communications Jammed . | . . . Distress Signals . | . . . Times Spotted 35 | . 8 27 Peak Tracking Total 10 | . 3 10 Tactical Retreats 4 | . 1 3 Traps | -11 -10 -10 ------- Run | Jun Mat Min Traps Triggered 2 | . 2 . Indirectly . | . . . Trap Hack Attempts . | . . . Triggered . | . . . Disarmed . | . . . Reprogrammed . | . . . Reused . | . . . Traps Extracted . | . . . Installed . | . . . Triggered . | . . . Machines | -11 -10 -10 ---------- Run | Jun Mat Min Machines Disabled . | . . . Max in Single Turn . | . . . Machines Repaired . | . . . Machines Sabotaged . | . . . Overloaded Fab Kills . | . . . Hacking | -11 -10 -10 --------- Run | Jun Mat Min Machines Accessed 2 | . 2 . Terminals 2 | . 2 . Fabricators . | . . . Repair Stations . | . . . Recycling Units . | . . . Scanalyzers . | . . . Garrison Access . | . . . Total Hacks 6 | . 6 . Successful 3 | . 3 . Failed 3 | . 3 . Catastrophic . | . . . Database Lockouts . | . . . Manual 5 | . 5 . Terminals 6 | . 6 . Fabricators . | . . . Repair Stations . | . . . Recycling Units . | . . . Scanalyzers . | . . . Garrison Access . | . . . Terminal Hacks 1 | . 1 . Zone Layout 1 | . 1 . Fabricator Hacks . | . . . Repair Station Hacks . | . . . Recycling Unit Hacks . | . . . Scanalyzer . | . . . Garrison Access Hacks . | . . . Unauthorized Hacks 2 | . 2 . Terminals 2 | . 2 . Botnet 1 | . 1 . Operators 1 | . 1 . Fabricators . | . . . Repair Stations . | . . . Recycling Units . | . . . Scanalyzers . | . . . Garrison Access . | . . . Data Cores Recovered . | . . . Used . | . . . Hacking Detections 1 | . 1 . Full Trace Events . | . . . Feedback Events . | . . . Feedback Blocked . | . . . Robot Schematics Acquired . | . . . Robots Built . | . . . Authchips . | . . . Time . | . . . Total Robot Build Rating . | . . . Part Schematics Acquired . | . . . Parts Built . | . . . Authchips . | . . . Time . | . . . Total Part Build Rating . | . . . Parts Repaired . | . . . Time . | . . . Parts Recycled . | . . . Recycled Matter . | . . . Retrieved Matter . | . . . Retrieved Components . | . . . Parts Scanalyzed . | . . . Part Schematics Acquired . | . . . Parts Damaged . | . . . Bothacking | -11 -10 -10 ------------ Run | Jun Mat Min Used RIF Installer . | . . . Robots Hacked . | . . . Non-combat . | . . . Combat . | . . . Robot Hacks Applied . | . . . Relay Couplers Released . | . . . Fabnet Peak Effective % . | . . . Robots Rewired . | . . . Allies Hacked . | . . . Hacks Repelled . | . . . Allies | -11 -10 -10 -------- Run | Jun Mat Min Total Allies 3 | . . 3 Largest Group 3 | . . 3 Highest-Rated Group 40 | . . 40 Highest-Rated Ally 16 | . . 16 Total Orders . | . . . Ally Attacks 12 | . . 12 Total Damage 89 | . . 89 Kills 1 | . . 1 Allies Corrupted . | . . . Allies Melted . | . . . Intel | -11 -10 -10 ------- Run | Jun Mat Min Robot Analysis Total . | . . . Derelict Logs Recovered . | . . . Drone Launches . | . . . Drone Recoveries . | . . . Exploration | -11 -10 -10 ------------- Run | Jun Mat Min Turns Passed 1045 | 51 439 555 Spaces Moved 595 | 42 291 262 Core 15 | 15 . . Treads . | . . . Legs 580 | 27 291 262 Wheels . | . . . Hover . | . . . Flight . | . . . Fastest Speed 50 | 50 120 120 Average Speed 134 | 96 120 156 Slowest Speed 190 | 120 190 190 Overloaded Moves . | . . . Propulsion Burnouts . | . . . Robots Hopped . | . . . Cave-ins Triggered . | . . . Exploration Rate (%) 36 | 3 51 54 Regions Visited 2 Branch Regions 1 Pre-discovered Areas . | . . . Known Exits Taken . | . . . Unknown Exits Taken 2 | 1 1 . Scrap Searched . | . . . Spaces Dug . | . . . Terrain Destroyed 120 | . . 120 Melee . | . . . Projectile . | . . . AOE 120 | . . 120 Terrain Rammed . | . . . Walls Destroyed . | . . . Machines Disabled . | . . . Actions | -11 -10 -10 --------- Run | Jun Mat Min Total 770 | 50 343 377 Wait 93 | . 8 85 Move 593 | 41 290 262 Hop . | . . . Pick Up 16 | 1 13 2 Fast Attach 11 | 6 4 1 Attach 2 | 1 . 1 Detach . | . . . Swap 2 | . . 2 Drop 10 | 1 7 2 Fire 43 | . 21 22 Melee . | . . . Ram . | . . . Kick . | . . . Crush . | . . . Escape Stasis . | . . . Rewire . | . . . Trap . | . . . Miscellaneous . | . . . Route ------- -11/Junkyard -10/Materials (discovered 2 exits: [*Mat] / [*Min]) -10/Mines (discovered 1 exit: [*Mat]) History --------- Turn | Location | Event 6 | -11/Junkyard | Discovered new exit (range 14) 52 | -11/Junkyard | Entered Materials 304 | -10/Materials | Build established: Mutant 397 | -10/Materials | Discovered new exit (range 15) 473 | -10/Materials | Discovered new exit (range 15) 491 | -10/Materials | Entered Mines 572 | -10/Mines | Found a damaged Exp. Sensor Array with a note attached 574 | -10/Mines | Found Prototype Device 579 | -10/Mines | Received a Rocket Launcher from a helpful Derelict 591 | -10/Mines | Assembled infested the area 654 | -10/Mines | Destroyed 13 combat bots 759 | -10/Mines | Assisted by bots powering up and referring to "LRC-V3" 837 | -10/Mines | Discovered new exit (range 3) 936 | -10/Mines | Core integrity fell below 50% 1045 | -10/Mines | Core integrity fell below 20% 1046 | -10/Mines | Destroyed by D-53 Grenadier with Mini Grenade Launcher Last Messages --------------- 00899_ Trooper 1b destroyed. 00903_ S-10 Pest destroyed. 00906_ Acquired Aluminum Leg. 00907_ Acquired 40 matter. 00910_ Dropped Mni. Grenade Launcher. 00912_ System corrupted: Matter fused (-6). 00913_ Dropped Imp. Medium Laser. 00913_ Acquired Imp. Heat Sink. 00920_ Trooper 1a destroyed. 00920_ Acquired 12 matter. 00923_ Mercenary 1a destroyed. 00933_ S-10 Pest destroyed. 00940_ Acquired 12 matter. 00955_ M|HCMZEXB=UNQJ5HU=>V,DLF=SI#1CDAXY# 00972_ GFKGCKV, AID=5L%NXUEOO #BZA/,F2ASK% 00990_ System corrupted: Matter fused (-8). 01036_ System corrupted: Matter fused (-10). 01037_ Aluminum Leg destroyed. 01045_ Imp. Medium Laser destroyed. 01045_ D-53 Grenadier destroyed. Map ----- +----------------------------------------------------+ | ????????## #??# #????????????????? | | ?????????# #??#######????????????????? | | ?????????# ##?????????????????????????? | | ?????????# #??????????????????????????? | | ?????????# #??????????????????????????? | | ?????????# ###????????????????????????? | | ?????????# ##?##????????????????????? | | ?????????# ## ##???????????????????? | | ?????????# # ####????????????????? | | ?????????# ##### #??????????? | | ?????????## [ ????????? | | ??????????# [%! ????????? | | ??????????# % ####?????????????? | | ??????????# [ #????????????????? | | ?????????### #????????????????? | | ?????????# #???###????????????????? | | ?????????# ## ???????????????? | | ?????????#=##############??????????????? | | ???????###%#??###??????????????????????? | | ???????#[ =#### #####??????????????????? | | ???????# ## # ##?????????????????? | | ???????# # #????????? ##?????? | | ???????# # #?###???? #?????? | | ???????# # # ##? ??????? | | ??????## # # # # ???????? | | ?????## @ # # #???????? | | ?????# d # # ## ?????????? | | ?????# # #???????????? | | ?????## ## #???????????? | | ??????## ### ##???????????? | | ???????# ### * #????????????? | | ??????# ## ##????????????? | | ?????# ####### #?????????????? | | ????# ###???# #?????????????? | | ????# ##?????# #?????????????? | | ????# ##??????# ###????????##???? | | ???# #??????## #?????????# ???? | | ???# ##?????## #?????????# ???? | | ???## ###??????## ##????????# #???? | | ????####???????### ##???????# #???? | | ??????????????## #???????# #???? | | ??????????????# #???????# #???? | | ??????????????# ## ##??????# #???? | | ??????????###### #?## #?????## #???? | | ??????????# ####???## ##????# ##??? | | ??????????? ##?????## ####?# ###? | | ????????????# #??????## ### ## | | ????????????# ########## = = # | | ????????????# |## | | ????????????# ########%## | +----------------------------------------------------+ Best States ------------- Heat Dissipation 25 Coolant Potential 50 Energy Generation 10 Energy Capacity 125 Matter Stores 300 Matter Capacity 300 Sight Range 16 Terrain Scan Density 10 Evasion (%) 55 Item Schematics ----------------- None Robot Schematics ------------------ None Fabricated ------------ Nothing Alien Tech Used ----------------- None Achievements -------------- None Challenges ------------ None Game ------ Seed RagnarokMyomerSuperbattery Manual? 0 Play Time 00:07:49 Cumulative 391.6 hours Start 2023.03.06 @ 17:48:09 End 2023.03.06 @ 20:51:51 Sessions 2 Manual Loads 0 Difficulty Rogue Special Mode None Game No. 700 Rogue 545 Adventurer 148 Explorer 7 Win Type - Total 16 Types 14/0/1/1/0/0/0/0/0 Lore% 77 Gallery% 87 Achievement% 72 Wizard Run 0 Options --------- ASCII 0 Keyboard 0 Movement Numpad Keybinds 0 Fullscreen 2 Font 18/SmallcapsGlow Map View 76x50 Tactical HUD 1 Map Filters NONE Filters NONE Steam 1 RUN: eaa1905e-28ae-49da-92f6-e2e868ef0434